 Dungeon Crawl Stone Soup version 0.17.0-7-gfadd4cc (webtiles) character file.

5276 tp1 the Destroyer (level 10, 0/50 HPs)
             Began as a Deep Elf Conjurer on Nov 8, 2015.
             Was a Believer of Vehumet.
             Slain by a spider (6 damage)
             ... on level 9 of the Dungeon.
             The game lasted 00:44:28 (10828 turns).

tp1 the Destroyer (Deep Elf Conjurer)              Turns: 10828, Time: 00:44:28

Health: 0/50       AC:  5    Str:  5    XL:     10   Next: 36%
Magic:  35/35      EV: 12    Int: 24    God:    Vehumet [**....]
Gold:   210        SH:  0    Dex: 15    Spells: 7 memorised, 12 levels left

rFire  . . .     SeeInvis .     (no weapon)
rCold  . . .     Clarity  .     F - +2 leather armour "Deppic" {Slay+5}
rNeg   . . .     SustAt   .     (no shield)
rPois  .         Gourm    .     (no helmet)
rElec  .         Spirit   .     (no cloak)
rCorr  .         Warding  .     x - -1 pair of gloves (curse)
rMut   .         Stasis   .     (no boots)
MR     +....                    s - amulet of faith
Stlth  ++........               J - ring of magical power
                                i - ring of wizardry

@: lethally poisoned (0 -> -27), about to teleport, somewhat resistant to
hostile enchantments, unstealthy
A: no striking features
a: Renounce Religion


You were on level 9 of the Dungeon.
You worshipped Vehumet.
Vehumet was pleased with you.
You were not hungry.

You visited 2 branches of the dungeon, and saw 10 of its levels.

You collected 584 gold pieces.
You spent 374 gold pieces at shops.

Inventory:

Hand Weapons
 n - a +0 short sword
 v - a +1 short sword of electrocution
Armour
 a - a +0 robe
 x - a cursed -1 pair of gloves (worn)
 F - the +2 leather armour "Deppic" (worn) {Slay+5}
   (You found it on level 6 of the Dungeon)

   It affects your accuracy and damage with ranged weapons and melee attacks
   (+5).
Jewellery
 g - a +2 ring of protection
 i - a ring of wizardry (left hand)
 s - an amulet of faith (around neck)
 u - a +3 ring of intelligence
 y - a +2 ring of strength
 H - an uncursed ring of teleportation
 J - a ring of magical power (right hand)
 K - an uncursed ring of see invisible
Wands
 k - a wand of digging (14)
 L - a wand of lightning (11)
Scrolls
 e - 6 scrolls of remove curse
 h - 3 scrolls of fog
 j - 2 scrolls of enchant armour {unknown}
 m - 2 scrolls of blinking {unknown}
 o - 2 scrolls of enchant weapon
 q - a scroll of teleportation
 r - 5 scrolls of noise
 w - 4 scrolls of fear
 C - a scroll of recharging {unknown}
 O - a scroll of brand weapon {unknown}
 S - 2 scrolls of immolation
 U - 3 scrolls of amnesia
 V - a scroll of magic mapping
Potions
 d - a potion of agility
 f - 6 potions of curing
 l - a potion of brilliance
 p - 2 potions of poison
 t - a potion of magic
 z - 2 potions of flight
 B - a potion of might
 E - 2 potions of heal wounds
 G - 2 potions of berserk rage
 M - a potion of degeneration
 Q - a potion of resistance {unknown}
Books
 b - a book of Conjurations

   Spells                             Type                      Level
   a - Magic Dart                     Conjuration                  1
   b - Searing Ray                    Conjuration                  2
   c - Dazzling Spray                 Conjuration/Hexes            3
   d - Fulminant Prism                Conjuration/Hexes            4
   e - Iskenderun's Mystic Blast      Conjuration                  4
   f - Iskenderun's Battlesphere      Conjuration/Charms           5
 D - a book of Geomancy

   Spells                             Type                      Level
   a - Sandblast                      Earth                        1
   b - Stoneskin                      Transmutation/Earth          2
   c - Passwall                       Transmutation/Earth          3
   d - Stone Arrow                    Conjuration/Earth            3
   e - Petrify                        Transmutation/Earth          4
   f - Lee's Rapid Deconstruction     Earth                        5
 N - a Young Poisoner's Handbook

   Spells                             Type                      Level
   a - Sting                          Conjuration/Poison           1
   b - Cure Poison                    Poison                       2
   c - Mephitic Cloud                 Conjuration/Poison/Air       3
   d - Olgreb's Toxic Radiance        Poison                       4
   e - Venom Bolt                     Conjuration/Poison           5
Comestibles
 c - 12 bread rations
 A - 4 meat rations
 I - 2 slices of pizza
 P - 4 chunks of flesh
 R - 15 fruits
 T - a royal jelly


   Skills:
 - Level 2.4 Dodging
 - Level 2.4 Stealth
 - Level 10.3 Spellcasting
 - Level 11.0 Conjurations
 - Level 10.2 Charms
 - Level 2.0 Transmutations
 + Level 0.7 Fire Magic
 - Level 4.2 Air Magic
 - Level 4.0 Earth Magic


You had 12 spell levels left.
You knew the following spells:

 Your Spells              Type           Power        Failure   Level  Hunger
a - Magic Dart            Conj           ####         1%          1    None
b - Stone Arrow           Conj/Erth      #####.       1%          3    None
c - Conjure Flame         Conj/Fire      #####...     1%          3    None
d - Iskenderun's Battles  Conj/Chrm      ######..     1%          5    ####...
e - Stoneskin             Trmt/Erth      ####....     1%          2    None
f - Shock                 Conj/Air       ####         1%          1    None
g - Searing Ray           Conj           ######       1%          2    None


Dungeon Overview and Level Annotations

Branches:
Dungeon (9/15)             Temple (1/1) D:6            Lair (0/8) D:8
    Orc: D:9-12

Altars:
Ashenzari
Cheibriados
Dithmenos
Elyvilon
Fedhas
Gozag
Kikubaaqudgha
Makhleb
Okawaru
Qazlal
Sif Muna
Trog
Vehumet
Xom
Zin
The Shining One

Shops:
D:4 (   D:5 (   D:9 ?


Message History

The spider closely misses you.
The spider bites you but does no damage.
Drink which item? (? for menu, Esc to quit)
You can't drink that!
Drink which item? (? for menu, Esc to quit)
You feel much better. The spider bites you! The spider bites you!
The spider bites you but does no damage.
The spider closely misses you. x2
The spider barely misses you. The spider completely misses you.
The spider bites you.
* * * LOW HITPOINT WARNING * * *
The spider bites you but does no damage.
The spider closely misses you. The spider bites you.
* * * LOW HITPOINT WARNING * * *
You are lethally poisoned!
The spider poisons you! The spider closely misses you. The spider bites you.
* * * LOW HITPOINT WARNING * * *
You are more poisoned.
The spider poisons you! The spider bites you.
You die...

##### #...# #...#
###### #...# #####.....
###...# #.........
##.....# #.<.......
#sss*..# #.........
##s@s...###.........
#.sss÷..............
#.#.#...##..........
#.#.######....>.....
#.#.# #.....#)### #.#.#
#.....#.###
####'#.#######....#....
#............#....#####
#......#.....#....#####


You could see 8 spiders.

Vanquished Creatures
  A manticore (D:9)
  Psyche (D:8)
  Prince Ribbit (D:6)
  A fire drake (D:8)
  Eustachio (D:4)
  A hungry ghost (D:9)
  Edmund (D:4)
  A hippogriff (D:8)
  A water moccasin (D:9)
  2 sky beasts
  2 ice beasts
  2 black bears (D:7)
  2 phantoms
  A wasp (D:9)
  A necrophage (D:8)
  2 centaurs
  9 ogres
  2 giant frogs (D:7)
  2 scorpions (D:5)
  4 killer bees (D:6)
  7 crimson imps
  2 giant frog zombies
  2 orc priests
  8 hounds
  2 jellies
  4 centaur skeletons
  4 iguanas
  A killer bee zombie (D:9)
  An orc wizard (D:4)
  7 worker ants
  2 hound zombies
  2 hound skeletons
  9 adders
  3 shadow imps (D:8)
  2 oozes (D:1)
  2 worms
  9 giant geckos
  17 orcs
  3 ball pythons
  7 bats
  8 giant cockroaches
  12 goblins
  6 hobgoblins
  13 kobolds
  4 quokkas
  2 giant gecko zombies (D:8)
  5 giant newts
  6 jackals
  6 rats
  A plant (D:3)
195 creatures vanquished.

Notes
Turn   | Place    | Note
--------------------------------------------------------------
     0 | D:1      | tp1 the Deep Elf Conjurer began the quest for the Orb.
     0 | D:1      | Reached XP level 1. HP: 10/10 MP: 6/6
   131 | D:1      | Reached XP level 2. HP: 15/15 MP: 1/8
   248 | D:1      | Reached skill level 5 in Conjurations
   650 | D:1      | Reached XP level 3. HP: 19/19 MP: 3/9
   654 | D:1      | Learned a level 2 spell: Searing Ray
  1406 | D:2      | Found a blossoming altar of Fedhas.
  1690 | D:2      | Reached skill level 6 in Conjurations
  1783 | D:2      | Found an opulent altar of Gozag.
  1851 | D:2      | Found a snail-covered altar of Cheibriados.
  1960 | D:2      | Found a blossoming altar of Fedhas.
  2059 | D:2      | Found a snail-covered altar of Cheibriados.
  2107 | D:2      | Found an opulent altar of Gozag.
  2202 | D:3      | Reached XP level 4. HP: 24/24 MP: 4/11
  2761 | D:3      | Found a faded altar to an unknown god.
  3497 | D:3      | Found a faded altar to an unknown god.
  3812 | D:4      | Noticed Edmund
  4017 | D:4      | Reached skill level 5 in Spellcasting
  4017 | D:4      | Reached XP level 5. HP: 28/28 MP: 9/14
  4024 | D:4      | Learned a level 5 spell: Iskenderun's Battlesphere
  4163 | D:4      | Noticed Eustachio
  4209 | D:4      | Killed Eustachio
  4209 | D:4      | Reached XP level 6. HP: 18/32 MP: 0/16
  4422 | D:4      | Reached skill level 5 in Charms
  4531 | D:4      | Found a glowing silver altar of Zin.
  4538 | D:4      | Found Nyucash's Weapon Boutique.
  5125 | D:4      | Killed Edmund
  5125 | D:4      | Reached skill level 7 in Spellcasting
  5436 | D:4      | Found a glowing silver altar of Zin.
  5437 | D:4      | Found Nyucash's Weapon Boutique.
  5508 | D:4      | Reached XP level 7. HP: 36/36 MP: 12/20
  5681 | D:4      | Reached skill level 8 in Spellcasting
  6524 | D:5      | Entered Level 5 of the Dungeon
  6787 | D:5      | Reached skill level 9 in Spellcasting
  6825 | D:5      | Found Fifeack's Antique Weapon Boutique.
  6909 | D:5      | Reached skill level 10 in Spellcasting
  7033 | D:5      | Reached XP level 8. HP: 41/41 MP: 17/24
  7560 | D:5      | Reached skill level 10 in Charms
  7855 | D:6      | Reached XP level 9. HP: 45/45 MP: 13/25
  7857 | D:6      | Found a staircase to the Ecumenical Temple.
  7875 | Temple   | Entered the Ecumenical Temple
  7920 | Temple   | Became a worshipper of Vehumet
  7966 | D:6      | Noticed Prince Ribbit
  7970 | D:6      | Killed Prince Ribbit
  8118 | D:6      | Got a warped leather armour
  8129 | D:6      | Identified the +2 leather armour "Deppic" {Slay+5} (You found it on level 6 of the Dungeon)
  8460 | D:7      | Learned a level 3 spell: Stone Arrow
  8463 | D:7      | Learned a level 2 spell: Stoneskin
  8479 | D:7      | Found a bloodstained altar of Trog.
  8946 | D:7      | Reached * piety under Vehumet
  8946 | D:7      | Offered knowledge of Freeze by Vehumet.
  9195 | D:8      | Reached skill level 10 in Conjurations
  9437 | D:8      | Found a staircase to the Lair.
  9437 | D:8      | Noticed a fire drake
  9443 | D:8      | Killed a fire drake
  9447 | D:8      | Noticed Psyche
  9450 | D:8      | Killed Psyche
  9450 | D:8      | Reached skill level 11 in Conjurations
  9459 | D:8      | Reached skill level 1 in Earth Magic
  9654 | D:8      | Found a shimmering altar of Xom.
  9655 | D:8      | Found a shimmering altar of Xom.
  9659 | D:8      | Found a shimmering altar of Xom.
  9660 | D:8      | Found a shimmering altar of Xom.
  9692 | D:8      | Reached XP level 10. HP: 50/50 MP: 24/26
  9989 | D:8      | Reached ** piety under Vehumet
  9989 | D:8      | Offered knowledge of Shock by Vehumet.
 10034 | D:8      | Found a blossoming altar of Fedhas.
 10179 | D:8      | Learned a level 1 spell: Shock
 10232 | D:8      | Found a glowing golden altar of the Shining One.
 10338 | D:9      | Reached skill level 1 in Air Magic
 10344 | D:9      | Noticed a manticore
 10372 | D:9      | Killed a manticore
 10511 | D:9      | Reached skill level 1 in Transmutations
 10530 | D:9      | Offered knowledge of Conjure Flame by Vehumet.
 10546 | D:9      | Learned a level 3 spell: Conjure Flame
 10776 | D:9      | Found Suc Gimn's Magic Scroll Shoppe.
 10779 | D:9      | Bought a scroll of amnesia for 45 gold pieces
 10779 | D:9      | Bought a scroll of fear for 45 gold pieces
 10779 | D:9      | Bought a scroll of magic mapping for 45 gold pieces
 10779 | D:9      | Bought a scroll of amnesia for 45 gold pieces
 10779 | D:9      | Bought a scroll of identify for 26 gold pieces
 10779 | D:9      | Bought a scroll of identify for 26 gold pieces
 10779 | D:9      | Bought a scroll of amnesia for 45 gold pieces
 10779 | D:9      | Bought a scroll of identify for 26 gold pieces
 10779 | D:9      | Bought a scroll of fog for 26 gold pieces
 10779 | D:9      | Bought a scroll of immolation for 45 gold pieces
 10828 | D:9      | Slain by a spider

Action                   |  1- 3 |  4- 6 |  7- 9 | 10-12 || total
-------------------------+-------+-------+-------+-------++-------
Melee: Short sword       |     4 |    13 |       |       ||    17
 Cast: Magic Dart        |    82 |    67 |   149 |    57 ||   355
       Searing Ray       |       |     9 |       |       ||     9
       Iskenderun's Batt |       |     3 |    40 |    16 ||    59
       Stone Arrow       |       |       |       |     5 ||     5
  Use: Scroll            |       |     5 |     1 |    10 ||    16
       Potion            |       |       |       |     3 ||     3
  Eat: Chunk             |     4 |     8 |    15 |     5 ||    32
       Fruit             |       |     1 |     3 |       ||     4
       Beef jerky        |       |       |     2 |     1 ||     3
